 Dungeon Crawl Stone Soup version 0.29-a0-284-gf9362112df (webtiles) character file.

Game seed: 6516126230375155772

37 spaghetti the Magician (level 3, 0/24 HPs)
             Began as a Demonspawn Fire Elementalist on Mar 29, 2022.
             Was a Follower of Cheibriados.
             Slain by a worm (7 damage)
             ... on level 2 of the Dungeon.
             The game lasted 00:02:51 (2091 turns).

spaghetti the Magician (DsFE)                       Turns: 2091, Time: 00:02:52

Health: 0/24       AC:  4    Str: 11    XL:     3   Next: 21%
Magic:  3/8        EV: 12    Int: 21    God:    Cheibriados [*.....]
Gold:   85         SH:  0    Dex: 16    Spells: 8/9 levels left

rFire   . . .      SeeInvis .   (no weapon)
rCold   . . .      Faith    .   (no shield)
rNeg    . . .      Spirit   .   a - +0 robe
rPois   .          Reflect  .   (no helmet)
rElec   .          Harm     .   (no cloak)
rCorr   .          Rampage  .   (no gloves)
Will    .....                   (no boots)
Stlth   ++........              (no amulet)
HPRegen 0.08/turn               (no ring)
MPRegen 0.11/turn               (no ring)

@: very slow
A: molten scales 1
a: Renounce Religion, Bend Time


You were on level 2 of the Dungeon.
You worshipped Cheibriados.
Cheibriados was aware of your devotion.
You visited 1 branch of the dungeon, and saw 2 of its levels.

You collected 85 gold pieces.


Innate Abilities, Weirdness & Mutations

You are partially covered in molten scales. (AC +2)


   Skills:
 - Level 1.7 Dodging
 - Level 1.7 Stealth
 + Level 3.5 Spellcasting
 - Level 1.0 Conjurations
 - Level 2.6 Fire Magic


You had 8 spell levels left.
You knew the following spells:

 Your Spells              Type           Power      Damage    Failure   Level
a - Foxfire               Conj/Fire      44%        2x1d6     6%          1

Your spell library contained the following spells:

 Spells                   Type           Power      Damage    Failure   Level
 Scorch                   Fire           28%        2d6       6%          2
 Conjure Flame            Conj/Fire      11%        6-21      19%         3
 Inner Flame              Hex/Fire       9%         N/A       22%         3
 Flame Wave               Conj/Fire      11%        2d5       52%         4

Inventory:

Hand Weapons
 d - a +0 dagger {short}
   (You took it off a kobold on level 1 of the Dungeon)
 e - a +0 whip {mace}
   (You took it off a kobold on level 1 of the Dungeon)
 g - a +0 whip {mace}
   (You took it off a kobold on level 1 of the Dungeon)
 h - a +0 club {mace}
   (You found it on level 1 of the Dungeon)
 i - a +0 whip {mace}
   (You found it on level 1 of the Dungeon)
 m - a +0 club {mace}
   (You took it off a goblin on level 1 of the Dungeon)
Missiles
 j - 4 poisoned darts {throwing}
Armour
 a - a +0 robe (worn)
Scrolls
 c - a scroll of magic mapping {unknown}
 f - 2 scrolls of identify {unknown}
 n - a scroll of holy word {unknown}
Potions
 b - a potion of magic
 k - a potion of lignification {unknown}
 l - a potion of degeneration {unknown}
 o - a potion of invisibility {unknown}
 p - a potion of might {unknown}
 q - a potion of heal wounds {unknown}

Dungeon Overview and Level Annotations

Branches:
Dungeon (2/15)

Altars:
Cheibriados

#### # .. #.. #.#. #. #.#
#.#.# #># ##.# #.#.#
###.# #..# .#.# .###...#
###.## ##..#
.......###...####..#.#
#..v.v...........#
#..ยง@J......$.#(#.#
##..ยง.w...#####....#
#.##....####..... ..#...#
#........###..........#..
#..##.....##.........## .
#. #...#.######......
###.#.##.......##.#
.##.#....# .## ..
..........##


You could see a worm and an endoplasm (ally target).


Message History

The bat barely misses you.
You hit the hobgoblin.
You kill the hobgoblin!
Cheibriados appreciates the change of pace.
The bat closely misses you. The bat completely misses you.
You are too injured to fight recklessly!
You are too injured to fight recklessly!
Casting: Foxfire (safe; 6% risk of failure)
Press: ? - help, Q - select action, (/) - cycle Dir - look around, f - activate You conjure some foxfire!
The bat barely misses you. x2 ๐Ÿ˜• HP[+1] MP[-1]
You lost 1 mp, and now have 4/7 mp.
You closely miss the bat.
The foxfire hits the bat.
You kill the bat!
Cheibriados thoroughly appreciates the change of pace.
A worm comes into view. ๐Ÿ˜• MP[+1]
A worm is nearby!
A worm is nearby!
A worm is nearby!
Casting: Foxfire (safe; 6% risk of failure)
Press: ? - help, Q - select action, (/) - cycle Dir - look around, f - activate You conjure some foxfire! ๐Ÿ˜• MP[-1]
You lost 1 mp, and now have 4/8 mp.
An endoplasm comes into view.
The foxfire hits the worm.
Things that are here:
8 gold pieces; a hobgoblin corpse ๐Ÿ˜• HP[+1]
You hit the worm.
The worm closely misses you. ๐Ÿ˜• MP[+1]
You hit the worm. You hit the worm but do no damage. The endoplasm freezes you.
You are frozen.
The worm bites you but does no damage. ๐Ÿ˜ฎ HP[-5]
You take 5 damage, and now have 17/24 hp.
MASSIVE DAMAGE!! (PAUSE)
You are too injured to fight recklessly!
The endoplasm freezes you.
You are frozen.
* * * LOW HITPOINT WARNING * * *
The endoplasm freezes you.
You are frozen.
* * * LOW HITPOINT WARNING * * *
Things that are here:
8 gold pieces; a hobgoblin corpse; ๐Ÿ˜จ HP[-8]
You take 8 damage, and now have 9/24 hp.
MASSIVE DAMAGE!! (PAUSE)
The endoplasm jiggles.
The endoplasm hits you but does no damage.
The endoplasm attacks as you move away!
The endoplasm hits you but does no damage. ๐Ÿ˜จ MP[+1]
The endoplasm attacks as you move away! The endoplasm hits you.
* * * LOW HITPOINT WARNING * * *
The endoplasm attacks as you move away! The endoplasm barely misses you.
The endoplasm jiggles.
The endoplasm hits you.
* * * LOW HITPOINT WARNING * * *
๐Ÿ˜จ HP[-1]
You take 1 damage, and now have 8/24 hp.
Casting: Foxfire (safe; 6% risk of failure)
Press: ? - help, Q - select action, (/) - cycle Dir - look around, f - activate You conjure some foxfire!
The endoplasm hits you but does no damage. ๐Ÿ˜จ MP[-1]
You lost 1 mp, and now have 5/8 mp.
The foxfire hits the endoplasm.
The foxfire hits the worm.
Casting: Foxfire (safe; 6% risk of failure)
Press: ? - help, Q - select action, (/) - cycle Dir - look around, f - activate You conjure some foxfire!
The endoplasm misses you. ๐Ÿ˜จ MP[-1]
You lost 1 mp, and now have 4/8 mp.
The endoplasm attacks as you move away!
The endoplasm hits you but does no damage.
The foxfire hits the worm.
The endoplasm freezes you.
You are frozen.
* * * LOW HITPOINT WARNING * * *
๐Ÿ˜จ HP[-1]
You take 1 damage, and now have 7/24 hp. ๐Ÿ˜จ MP[+1]
You are too injured to fight recklessly!
Casting: Foxfire (safe; 6% risk of failure)
Press: ? - help, Q - select action, (/) - cycle Dir - look around, f - activate You conjure some foxfire!
The endoplasm hits you but does no damage. ๐Ÿ˜จ MP[-1]
You lost 1 mp, and now have 4/8 mp.
Casting: Foxfire (safe; 6% risk of failure)
Press: ? - help, Q - select action, (/) - cycle Dir - look around, f - activate You conjure some foxfire!
The foxfire hits the endoplasm.
The foxfire hits the worm but does no damage.
The endoplasm closely misses you. The worm bites you!
You die...

Skill      XL: |  1  2 |
---------------+-------+-----
Spellcasting   | 3 |  3.5
Dodging        | |  1.7
Stealth        | |  1.7
Conjurations   | |  1.0
Fire Magic     | |  2.6

Action                   || total
-------------------------++-------
Melee: Unarmed           ||    71
       Punch             ||     1
 Cast: Foxfire           ||    68
  Use: Potion            ||     1
Armor: Robe              ||    29
Dodge: Dodged            ||    59

Levels and vault maps discovered:
D:1:      wander_arrival_fairy_ring, layout_loops_ring,
          dreamdust_ecumenical_altar_drowned_temple
D:2:      layout_rooms, minivault_23

Notes
Turn   | Place    | Note
-------+----------+-------------------------------------------
     0 | D:1      | spaghetti the Demonspawn Fire Elementalist began the quest
                  | for the Orb.
     0 | D:1      | Reached XP level 1. HP: 13/13 MP: 3/3
     0 | D:1      | magus.rc [v1.9.6]
   336 | D:1      | HP: 1/13 [kobold/+0 dagger (4)]
   350 | D:1      | Gained mutation: You are partially covered in molten
                  | scales. (AC +2) [demonic ancestry]
   350 | D:1      | Reached XP level 2. HP: 16/19 MP: 0/5
   812 | D:1      | Found a faded altar of an unknown god.
   823 | D:1      | Prayed at the altar of an unknown god.
   823 | D:1      | Became a worshipper of Cheibriados the Contemplative
   823 | D:1      | Reached * piety under Cheibriados
  1108 | D:1      | Reached skill level 3 in Spellcasting
  1714 | D:1      | Reached XP level 3. HP: 24/24 MP: 2/7
  2091 | D:2      | Slain by a worm

Vanquished Creatures
  2 dart slugs (D:1)
  2 ball pythons
  6 endoplasms (D:1)
  2 giant cockroaches (D:1)
  A goblin (D:1)
  6 hobgoblins
  A quokka (D:2)
  2 bats
  3 kobolds (D:1)
  2 rats (D:1)
  A spectral kobold (D:1)
28 creatures vanquished.

Vanquished Creatures (others)
  104 foxfires
  2 plants (D:1)
106 creatures vanquished.

Grand Total: 134 creatures vanquished

Table legend:
 A = Non-vault XP
 B = Vault XP
 C = Vault XP percentage of total XP
 D = Non-vault monster count
 E = Vault monster count
 F = Vault count percentage of total count
                 A         B        C        D         E       F
            +---------+---------+-------+---------+---------+-------
      Total |      52 |       1 |   1.9 |      27 |       1 |   3.6
            +---------+---------+-------+---------+---------+-------
        D:1 |      41 |       1 |   2.4 |      21 |       1 |   4.5
        D:2 |      11 |       0 |   0.0 |       6 |       0 |   0.0
            +---------+---------+-------+---------+---------+-------

Illustrated notes

Table legend:
 A = Kills in this place as a percentage of kills in entire the game.
 B = Kills by you in this place as a percentage of kills by you in the entire game.
 C = Kills by friends in this place as a percentage of kills by friends in the entire game.
 D = Other kills in this place as a percentage of other kills in the entire game.
 E = Experience gained in this place as a percentage of experience gained in the entire game.
 F = Experience gained in this place divided by the number of levels of this place that you have seen.
                   A       B       C       D       E      F
               +-------+-------+-------+-------+-------+----------------------
         Total | 100.0 | 100.0 |   N/A |   N/A | 100.0 |  26.5
       Dungeon | 100.0 | 100.0 |   N/A |   N/A | 100.0 |  26.5
               +-------+-------+-------+-------+-------+----------------------

Table legend: (Time is in decaauts)
 A = Elapsed time spent in this place.
 B = Non-inter-level travel time spent in this place.
 C = Inter-level travel time spent in this place.
 D = Time resting spent in this place.
 E = Time spent auto-exploring this place.
 F = Levels seen in this place.
 G = Mean time per level.
                   A        B        C        D        E       F      G
               +--------+--------+--------+--------+--------+-----+--------+
         Total |   2307 |   2272 |     35 |    180 |   1792 |   2 | 1153.5 |
       Dungeon |   2307 |   2272 |     35 |    180 |   1792 |   2 | 1153.5 |
               +--------+--------+--------+--------+--------+-----+--------+

Top non-repeatable levels by time:
     D:1: 2143 daAuts
     D:2: 163 daAuts
